 Dungeon Crawl Stone Soup version 0.31.0-9-g3a7656b989 (webtiles) character file.

Game seed: 14852395744051149208

58 qw the Shooter (level 3, 0/20 HPs)
             Began as a Deep Elf Hunter on Feb 2, 2024.
             Succumbed to an adder's poison
             ... on level 2 of the Dungeon.
             The game lasted 00:00:04 (1074 turns).

qw the Shooter (Deep Elf Hunter)                    Turns: 1074, Time: 00:00:05

Health: 0/20       AC:  6    Str: 10    XL:     3   Next: 75%
Magic:  5/5        EV:  9    Int: 13    God:
Gold:   71         SH:  0    Dex: 18    Spells: 2/2 levels left

rFire   . . .        a - +0 shortbow
rCold   . . .        (shield currently unavailable)
rNeg    . . .        d - +0 scale mail
rPois   .            (no helmet)
rElec   .            (no cloak)
rCorr   .            (no gloves)
SInv    .            (no boots)
Will    .....        (no amulet)
Stlth   +            (no ring)
HPRegen 0.23/turn    (no ring)
MPRegen 0.09/turn

%: no passive effects
@: lethally poisoned (0 -> -5)
A: no striking features
a: no special abilities


You were on level 2 of the Dungeon.
You visited 1 branch of the dungeon, and saw 2 of its levels.

You collected 71 gold pieces.


   Skills:
 - Level 1.5 Fighting
 + Level 7.2 Ranged Weapons
 - Level 2.4 Dodging
 - Level 1.2 Stealth


You had 2 spell levels left.
You didn't know any spells.
Your spell library was empty.

Inventory:

Hand Weapons
 a - a +0 shortbow (weapon)
Armour
 d - a +0 scale mail (worn)
 e - a +0 ring mail
 f - a +0 helmet
Scrolls
 i - 2 scrolls of identify
Potions
 b - a potion of mutation {unknown}
 c - 2 potions of magic {unknown}

Dungeon Overview and Level Annotations

Branches:
Dungeon (2/15)

Altars:

Shops:
D:1 [


Message History

You shoot an arrow. The arrow hits the adder.
The adder is severely wounded.
The adder barely misses you. The adder closely misses you.
The adder bites you but does no damage. The adder bites you.
You are poisoned.
The adder poisons you!
You shoot an arrow. The arrow hits the adder.
The adder is almost dead.
You feel sick. The adder bites you. The adder bites you but does no damage.
You shoot an arrow.
The arrow hits the adder but does no damage.
The adder is almost dead.
You feel sick. The adder bites you but does no damage. The adder bites you.
The adder misses you. The adder closely misses you.
You shoot an arrow. The arrow barely misses the adder.
You feel sick. The adder bites you but does no damage.
The adder closely misses you. The adder bites you but does no damage.
The adder bites you.
You shoot an arrow. The arrow closely misses the adder.
You feel sick. The adder closely misses you.
The adder bites you but does no damage. The adder misses you.
The adder bites you but does no damage.
You shoot an arrow. The arrow hits the adder!
You kill the adder!
You feel sick.
You are no longer poisoned.
The adder bites you but does no damage.
You shoot an arrow. The arrow hits the adder.
The adder is moderately wounded.
The adder bites you. The adder barely misses you.
You shoot an arrow.
The arrow hits the adder but does no damage.
The adder is moderately wounded.
The adder bites you. The adder closely misses you.
You shoot an arrow. The arrow closely misses the adder.
The adder barely misses you. The adder bites you.
You are lethally poisoned!
The adder poisons you!
You shoot an arrow. The arrow misses the adder.
You die...

#......##
#.......# ##
######.......#
#.###......<...#.#
#........##.##.#.#
#.........)....#
#...##...##.####
###..##..###.##
#.S@............
##)####..###.##.
#. #....... #.
##.###.# #. #.# #.
#.# .. ... ## .#


You could see an adder.

Vanquished Creatures
  Robin (D:2)
  An adder (D:2)
  A dart slug (D:1)
  3 ball pythons
  An endoplasm (D:1)
  2 giant cockroaches (D:1)
  5 goblins (D:2)
  7 hobgoblins
  A quokka (D:1)
  4 bats (D:1)
  3 kobolds
  5 rats
34 creatures vanquished.

Notes
Turn   | Place    | Note
-------+----------+-------------------------------------------
     0 | D:1      | qw the Deep Elf Hunter began the quest for the Orb.
     0 | D:1      | Reached XP level 1. HP: 12/12 MP: 3/3
     0 | D:1      | 0 ||| qw: Version: 0.3-a-155-g5e7d8dd
     0 | D:1      | 0 ||| qw: Game counter: 1073
     0 | D:1      | 0 ||| qw: Melee chars always use a shield: true
     0 | D:1      | 0 ||| qw: God list: Okawaru
     0 | D:1      | 0 ||| qw: Allow faded altars: false
     0 | D:1      | 0 ||| qw: Do Orc after clearing Dungeon:15 true
     0 | D:1      | 0 ||| qw: Do second Lair branch before Depths: true
     0 | D:1      | 0 ||| qw: Lair rune preference: random
     0 | D:1      | 0 ||| qw: Goals: Normal
     0 | D:1      | 0 ||| PLANNING D:1-11
   163 | D:1      | Reached XP level 2. HP: 16/16 MP: 4/4
   189 | D:1      | Found Nuuv's Armour Boutique.
   195 | D:1      | Reached skill level 6 in Ranged Weapons
   201 | D:1      | 201 ||| SHOPLISTING +0 ring mail (56 gold, have 42).
   201 | D:1      | 201 ||| SHOPLISTING +0 ring mail of Yesterday {+Blink rCorr
                  | SInv} (389 gold, have 42).
   201 | D:1      | 201 ||| SHOPLISTING +1 hat "Gulaus" {rF+ Will+} (400 gold,
                  | have 42).
   201 | D:1      | 201 ||| SHOPLISTING +1 leather armour of poison resistance
                  | (154 gold, have 42).
   201 | D:1      | 201 ||| SHOPLISTING +1 ring mail of fire resistance (224
                  | gold, have 42).
   201 | D:1      | 201 ||| SHOPLISTING scarf of repulsion (168 gold, have 42).
   538 | D:1      | 538 ||| UPGRADING to +0 scale mail.
   548 | D:1      | 548 ||| DROPPING +0 leather armour.
   549 | D:1      | 549 ||| READING scroll labelled DEJUIGAMPY.
   550 | D:1      | 550 ||| READING 2 scrolls labelled YSARIXZ OLOKAE.
   554 | D:1      | 554 ||| READING scroll labelled EZEOPS AKIURIX.
   555 | D:1      | 555 ||| READING scroll labelled QIPNOOHIO.
   556 | D:1      | 556 ||| READING 2 scrolls labelled BEUPHYU OBOLED.
   557 | D:1      | 557 ||| DROPPING scroll of butterflies.
   614 | D:2      | 614 ||| FLEEEEING.
   615 | D:2      | 615 ||| FLEEEEING.
   616 | D:2      | 616 ||| FLEEEEING.
   617 | D:2      | 617 ||| FLEEEEING.
   618 | D:2      | 618 ||| FLEEEEING.
   682 | D:2      | Noticed Robin
   687 | D:2      | 687 ||| RETREEEEATING.
   691 | D:2      | Reached XP level 3. HP: 17/20 MP: 5/5
   694 | D:2      | Killed Robin
   694 | D:2      | HP: 5/20 [goblin/+0 club[Robin] (5)]
   695 | D:2      | 695 ||| READING scroll of teleportation.
   808 | D:2      | Found a faded altar of an unknown god.
   839 | D:2      | Reached skill level 7 in Ranged Weapons
  1072 | D:2      | HP: 5/20 [adder (3)]
  1073 | D:2      | HP: 2/20 [adder (3)]
  1074 | D:2      | Succumbed to an adder's poison

Levels and vault maps discovered:
D:1:      amcnicky_arrival_double_pillar, layout_basic, serial_shops, shop
D:2:      layout_basic, shapermc_ecumenical_altar_acropolis, basic_altar,
          uniq_robin

Skill      XL: |  1  2  3 |
---------------+----------+-----
Ranged Weapons | 6 7 |  7.2
Fighting       | |  1.5
Dodging        | |  2.4
Stealth        | |  1.2

Action                     || total
---------------------------++-------
   Fire: Shortbow          ||   106
    Use: Scroll            ||     6
 Armour: Scale mail        ||    60
  Dodge: Dodged            ||    39

Table legend:
 A = Non-vault XP
 B = Vault XP
 C = Vault XP percentage of total XP
 D = Non-vault monster count
 E = Vault monster count
 F = Vault count percentage of total count
                 A         B        C        D         E       F
            +---------+---------+-------+---------+---------+-------
      Total |      57 |      26 |  31.3 |      27 |       7 |  20.6
            +---------+---------+-------+---------+---------+-------
        D:1 |      30 |       0 |   0.0 |      17 |       0 |   0.0
        D:2 |      27 |      26 |  49.1 |      10 |       7 |  41.2
            +---------+---------+-------+---------+---------+-------
